 Dungeon Crawl Stone Soup version 0.27.0-1-g7a089689b8 (webtiles) character file.

Game seed: 5987197957335260548

62478 Smaepdii the Nimble (level 15, 0/130 HPs)
             Began as a Djinni Conjurer on Aug 15, 2021.
             Was a High Priest of Elyvilon.
             Slain by an orc priest (2 damage)
             ... on level 2 of the Orcish Mines.
             The game lasted 02:04:57 (23117 turns).

Smaepdii the Nimble (Djinni Conjurer)              Turns: 23117, Time: 02:04:57

Health: 0/130      AC:  1    Str:  7    XL:     15   Next: 46%
Gold:   2248       EV: 20    Int: 27    God:    Elyvilon [*****.] SH:  6 Dex: 18

rFire    + + .     SeeInvis .   n - +6 scimitar of the Ecumenical Temple {spect, rElec Int+2}
rCold    x . .     Faith    .   B - +1 buckler
rNeg     . . .     Spirit   .   e - +0 troll leather armour
rPois    ∞         Reflect  .   D - +2 helmet
rElec    +         Harm     .   d - +2 cloak
rCorr    +         Rampage  .   o - +2 pair of gloves
Will     +....                  (boots unavailable)
Stlth    ++........             (no amulet)
HPRegen  1.31/turn              t - +6 ring of dexterity
MPRegen  0.00/turn              i - ring of resist corrosion

@: divinely vigorous, corroded, flying, studying 2 skills
A: sickness immunity, fire resistance 2, cold vulnerability 1, float, innate
caster, hp casting, extra vitality 1
a: Renounce Religion, Lesser Healing, Heal Other, Purification, Greater Healing,
Divine Vigour, Divine Protection


You were on level 2 of the Orcish Mines.
You worshipped Elyvilon.
Elyvilon was extremely pleased with you.
You visited 4 branches of the dungeon, and saw 20 of its levels.
You also visited: Bailey.

You collected 2312 gold pieces.
You spent 64 gold pieces at shops.

Inventory:

Hand Weapons
 n - the +6 scimitar of the Ecumenical Temple (weapon) {spect, rElec Int+2}
   (You found it on level 4 of the Dungeon)

   When its wielder attacks, the weapon's spirit leaps out and strikes again.
   The spirit shares a part of any damage it takes with its wielder.
   Int:       It affects your intelligence (+2).
   rElec:     It insulates you from electricity.
Armour
 d - a +2 cloak (worn)
 e - a +0 troll leather armour (worn)
 h - +0 steam dragon scales
 o - a +2 pair of gloves (worn)
 B - a +1 buckler (worn)
 D - a +2 helmet (worn)
 K - a +1 robe of the Archmagi
Jewellery
 i - a ring of resist corrosion (right hand)
 t - a +6 ring of dexterity (left hand)
 G - a ring of fire
Wands
 s - a wand of iceblast (33)
 u - a wand of polymorph (17)
 w - a wand of paralysis (13)
 A - a wand of flame (54)
 E - a wand of mindburst (23)
 I - a wand of digging (11)
 J - a wand of acid (16)
Scrolls
 a - 2 scrolls of fog
 j - 3 scrolls of fear
 p - 3 scrolls of enchant weapon
 v - 8 scrolls of identify
 x - 4 scrolls of teleportation
 y - a scroll of holy word
 C - 2 scrolls of magic mapping
 F - a scroll of immolation
Potions
 b - a potion of attraction
 c - 2 potions of ambrosia
 f - 2 potions of haste
 g - 2 potions of lignification
 k - 4 potions of cancellation
 l - 8 potions of curing
 m - 2 potions of mutation
 q - a potion of might
 r - a potion of heal wounds
 z - 4 potions of resistance
 H - 2 potions of brilliance


   Skills:
 + Level 10.7 Fighting
 - Level 1.6(7.8) Short Blades
 * Level 11.8 Long Blades
 + Level 14.1 Dodging
 - Level 1.5 Stealth
 - Level 4.0 Shields
 * Level 11.9 Spellcasting
 + Level 7.5 Invocations


You couldn't memorise any spells.
You knew the following spells:

 Your Spells              Type           Power      Damage    Failure   Level
a - Magic Dart            Conj           100%       1d8       1%          1
b - Searing Ray           Conj           100%       3d7       1%          2
c - Dazzling Flash        Conj/Hex       100%       N/A       1%          3
d - Fulminant Prism       Conj/Hex       34%        3d16      1%          4
e - Iskenderun's Mystic   Conj/Tloc      69%        2d14      1%          4
f - Apportation           Tloc           100%       N/A       1%          1
g - Wereblood             Tmut           69%        N/A       1%          2
h - Passwall              Tmut/Erth      57%        N/A       1%          2
i - Gell's Gravitas       Tloc           34%        N/A       1%          3
j - Dispel Undead         Necr           69%        3d23      1%          4
k - Manifold Assault      Tloc           69%        N/A       1%          5
l - Invisibility          Hex            34%        N/A       6%          6
Your spell library was empty.

Dungeon Overview and Level Annotations

Branches:
Dungeon (11/15)            Temple (1/1) D:5            Lair (6/6) D:9
 Shoals (0/4) Lair:4        Snake (0/4) Lair:3        Slime (0/5) Lair:5
    Orc (2/2) D:11            Elf (0/3) Orc:2        Bailey (visited)

Altars:
Ashenzari
Cheibriados
Dithmenos
Elyvilon
Fedhas
Gozag
Hepliaklqana
Kikubaaqudgha
Makhleb
Nemelex Xobeh
Okawaru
Qazlal
Ru
Sif Muna
Trog
Uskayaw
Vehumet
Wu Jian
Xom
Yredelemnul
Zin
The Shining One

Shops:
D:8 *:

Annotations:
D:11 4 runed translucent doors
Lair:5 exclusion: 2 oklob plants


Innate Abilities, Weirdness & Mutations

You are immune to sickness and miasma.
You are immune to poison.
Your flesh is very heat resistant. (rF++)
You are vulnerable to cold. (rC-)
You float through the air rather than walking.
You learn spells naturally, not from books.
Your magical power is your life essence.
You have superior vitality. (+4 HP)


Message History

Your spectral +6 scimitar of the Ecumenical Temple {spect, rElec Int+2} fades away.
There is a stone staircase leading down, spattered with blood here.
You fly downwards.
The wolf bites you! You block the wolf's attack. The warg misses you.
You riposte.
You slash the warg!
The warg is moderately wounded.
Your spectral +6 scimitar of the Ecumenical Temple {spect, rElec Int+2} completely misses the warg.
The orc sorcerer says, "Argatax netranoch dertex."
The hellwing closely misses you.
You riposte.
You hit the hellwing.
The hellwing is lightly wounded.
The hellwing completely misses you.
The orc warrior hits you with a +0 halberd.
* * * LOW HITPOINT WARNING * * *
The rust devil completely misses you. x2; You riposte.
You hit the rust devil but do no damage.
The rust devil is lightly wounded.
The red devil hits you from afar with a +0 trident.
* * * LOW HITPOINT WARNING * * *
The goblin hits your spectral +6 scimitar of the Ecumenical Temple {spect, rElec Int+2} but does no damage.
The warg completely misses you. The wolf closely misses you.
You riposte.
You hit the wolf.
The wolf is lightly wounded.
You block the orc warrior's attack.
The orc priest barely misses your spectral +6 scimitar of the Ecumenical Temple {spect, rElec Int+2}.
The orc sorcerer gestures wildly while chanting.
There is a stone staircase leading up here.
You block the wolf's attack.
The hellwing hits you but does no damage.
You block the hellwing's attack. The rust devil misses you.
The orc warrior hits you with a +0 halberd!
* * * LOW HITPOINT WARNING * * *
The warg completely misses you.
You riposte.
You hit the warg but do no damage.
The warg is lightly wounded.
The rust devil hits you.
* * * LOW HITPOINT WARNING * * *
The rust devil corrodes you!
The red devil hits you from afar with a +0 trident!
* * * LOW HITPOINT WARNING * * *
The orc warrior barely misses you. The wolf misses you.
You riposte.
You hit the wolf but do no damage. The orc priest hits you with a +0 mace.
You die...

##<[)[[[.).........
#[))...[[..........
##)[[...[[.........
##[..$.[..#....h...
#.....†[..(..o.....
#.......o).)$#.....
#.....[..hogo......
##.$.....4hoo......
#.......44@Too.....
##..<..#.4ohoo.[...
##.....#.o4oo.....
#.$..#...o..o....
#............3....
.........>........
#.................
......$#.........
.......#.#.....


You could see an orc high priest, a hellwing (summoned), an ice devil
(summoned), 2 rust devils, a troll, a neqoxec (summoned), 2 wargs, 2 orc
sorcerers, a red devil (summoned), 3 orc warriors, a wolf, 5 orc priests, 4 orc
wizards, an orc, a goblin (ally target) and a friendly spectral +6 scimitar of
the Ecumenical Temple {spect, rElec Int+2} (summoned).

Vanquished Creatures
  An orc warlord (Orc:1)
  The ghost of Panli the Archer, a journeyman CeAM of Okawaru (Lair:5)
  11 hydras
  2 boulder beetles
  4 catoblepae
  2 two-headed ogres
  5 death yaks (Lair:6)
  A tengu warrior (D:11)
  Urug (Lair:3)
  A lindwurm (Lair:6)
  2 orc knights
  5 orc sorcerers
  An ugly thing (D:7)
  2 manticores (Lair:6)
  Maurice (Orc:1)
  12 elephants
  A gargoyle (D:9)
  13 cane toads
  Maggie (D:7)
  5 black mambas
  A torpor snail (Lair:2)
  3 rime drakes
  A kobold demonologist (D:9)
  7 komodo dragons
  2 tengu conjurers (D:11)
  2 polar bears (Lair:4)
  2 trolls
  7 blink frogs
  5 dream sheep (Lair:3)
  A snapping turtle (Lair:4)
  2 vampires
  A meliai zombie (D:11)
  50 yaks
  2 wraiths
  4 wyverns
  6 basilisks
  A steam dragon (D:5)
  4 nagas (Lair:3)
  3 acid dragons
  8 wargs
  8 water moccasins
  An ice beast (D:5)
  21 orc warriors
  A sky beast (D:7)
  A black bear (D:5)
  14 wolves
  An ogre (Orc:2)
  6 centaurs
  6 kobold brigands
  Blork the orc (D:6)
  9 bullfrogs
  A gnoll sergeant (D:9)
  3 scorpions
  4 killer bees (D:8)
  7 wights
  5 howler monkeys
  2 electric eels (Lair:4)
  8 centaur zombies
  2 hounds
  18 orc priests
  A bullfrog skeleton (D:6)
  A centaur skeleton (D:5)
  A jelly (D:8)
  Crazy Yiuf (D:2)
  3 iguanas
  6 hell rats (Lair:6)
  21 orc wizards
  A killer bee zombie (D:6)
  2 hound skeletons
  Robin (D:2)
  A howler monkey zombie (D:5)
  9 adders
  11 gnolls
  A white imp (D:7)
  An ufetubus (D:6)
  A worm (D:2)
  A dart slug (D:5)
  67 orcs
  4 ball pythons
  7 bats
  10 endoplasms
  3 giant cockroaches
  18 goblins
  8 hobgoblins
  10 jackals
  2 quokkas
  2 frilled lizards
  32 kobolds
  9 rats
  A butterfly (Lair:4)
  A fulminant prism (D:9)
540 creatures vanquished.

Vanquished Creatures (collateral kills)
  A hydra (Lair:2)
  A yak (Lair:2)
2 creatures vanquished.

Vanquished Creatures (others)
  58 fulminant prisms
  21 fungi
  37 plants
116 creatures vanquished.

Grand Total: 658 creatures vanquished

Notes
Turn   | Place    | Note
-------+----------+-------------------------------------------
     0 | D:1      | Smaepdii the Djinni Conjurer began the quest for the Orb.
     0 | D:1      | Reached XP level 1. HP: 15/15 MP: 0/0
   238 | D:1      | Reached XP level 2. HP: 22/22 MP: 0/0
   939 | D:1      | Reached skill level 1 in Fighting
   939 | D:1      | Reached XP level 3. HP: 23/27 MP: 0/0
   939 | D:1      | Learned a level 1 spell: Apportation
  1710 | D:2      | Noticed Robin
  1716 | D:2      | Reached XP level 4. HP: 27/32 MP: 0/0
  1720 | D:2      | Killed Robin
  1726 | D:2      | Reached skill level 3 in Dodging
  2459 | D:2      | Reached XP level 5. HP: 31/38 MP: 0/0
  2459 | D:2      | Learned a level 2 spell: Wereblood
  2625 | D:2      | Reached XP level 6. HP: 36/44 MP: 0/0
  2833 | D:2      | Found a runed translucent door.
  2834 | D:2      | Noticed Crazy Yiuf
  2845 | D:2      | Killed Crazy Yiuf
  3711 | D:4      | Reached skill level 4 in Dodging
  3727 | D:4      | Reached XP level 7. HP: 25/50 MP: 0/0
  3727 | D:4      | Learned a level 2 spell: Passwall
  3954 | D:4      | Reached skill level 5 in Spellcasting
  4152 | D:4      | Identified the +6 scimitar of the Ecumenical Temple {spect,
                  | rElec Int+2}
  4252 | D:5      | Entered Level 5 of the Dungeon
  4265 | D:5      | Identified the +7 short sword of Eternal Vigilance {vamp,
                  | Will++ Int-3 Dex+4}
  4748 | D:5      | Reached skill level 1 in Short Blades
  4976 | D:5      | Noticed a steam dragon
  5004 | D:5      | Reached XP level 8. HP: 54/57 MP: 0/0
  5100 | D:5      | Reached skill level 5 in Dodging
  5101 | D:5      | Found a staircase to the Ecumenical Temple.
  5105 | Temple   | Entered the Ecumenical Temple
  5252 | Temple   | Became a worshipper of Elyvilon the Healer
  5351 | D:5      | Reached skill level 1 in Long Blades
  5630 | D:6      | Noticed Blork the orc
  5634 | D:6      | Killed Blork the orc
  5724 | D:6      | Noticed a vampire
  5753 | D:6      | Killed a vampire
  6186 | D:6      | Reached XP level 9. HP: 57/63 MP: 0/0
  6186 | D:6      | Learned a level 3 spell: Gell's Gravitas
  6365 | D:6      | Reached * piety under Elyvilon
  6396 | D:6      | Reached skill level 6 in Dodging
  6883 | D:6      | Reached skill level 5 in Fighting
  7250 | D:7      | Found a flagged portal.
  7431 | Bailey   | Entered a bailey
  8184 | D:7      | Reached ** piety under Elyvilon
  8252 | D:7      | Reached XP level 10. HP: 11/72 MP: 0/0
  8540 | D:7      | Found a bloodstained altar of Trog.
  8548 | D:7      | Noticed Maggie
  8556 | D:7      | Killed Maggie
  8557 | D:7      | Reached skill level 7 in Dodging
  8837 | D:7      | Noticed a red ugly thing
  8842 | D:7      | Killed a red ugly thing
  9412 | D:8      | Reached *** piety under Elyvilon
  9587 | D:8      | Found Fyulis's Book Boutique.
  9793 | D:8      | Noticed a five-headed hydra
  9809 | D:8      | Killed a six-headed hydra
  9810 | D:8      | Reached skill level 5 in Long Blades
 10112 | D:8      | Found Sedgh's Assorted Antiques.
 10134 | D:8      | Bought a scroll of identify for 64 gold pieces
 10143 | D:8      | Identified a scroll of acquirement
 10143 | D:8      | Acquired a manual of Dodging
 10199 | D:8      | Reached skill level 8 in Dodging
 10536 | D:9      | Noticed a kobold demonologist
 10558 | D:9      | Killed a kobold demonologist
 10559 | D:9      | Reached XP level 11. HP: 62/78 MP: 0/0
 10559 | D:9      | Learned a level 4 spell: Dispel Undead
 10748 | D:9      | Reached **** piety under Elyvilon
 11717 | D:9      | Found a staircase to the Lair.
 12221 | D:9      | Reached skill level 9 in Dodging
 12308 | D:10     | Entered Level 10 of the Dungeon
 12748 | D:10     | Reached ***** piety under Elyvilon
 13509 | D:11     | Noticed a six-headed hydra
 13517 | D:11     | Killed a seven-headed hydra
 13518 | D:11     | Reached skill level 1 in Invocations
 13681 | D:11     | Noticed a boulder beetle
 13702 | D:11     | Killed a boulder beetle
 13705 | D:11     | Noticed a five-headed hydra
 13715 | D:11     | Killed a five-headed hydra
 14048 | D:11     | Reached XP level 12. HP: 56/86 MP: 0/0
 14220 | D:11     | Reached skill level 10 in Dodging
 14279 | D:11     | HP: 4/86 [orc knight (9)]
 14482 | D:11     | Noticed a two-headed ogre
 14490 | D:11     | Killed a two-headed ogre
 14589 | D:11     | Found a large runed translucent door.
 14730 | D:11     | Found a large runed translucent door.
 14730 | D:11     | Identified the ring of Vuyc {rF+ rN+ Dex+2}
 14730 | D:11     | Noticed a centaur warrior
 14831 | D:11     | Noticed a six-headed hydra
 14841 | D:11     | Killed a six-headed hydra
 14842 | D:11     | Reached skill level 1 in Shields
 14927 | D:11     | Found a large runed translucent door.
 14927 | D:11     | Found a large runed translucent door.
 15059 | D:11     | Noticed a tengu warrior
 15078 | D:11     | Killed a tengu warrior
 15136 | D:11     | Found a staircase to the Orcish Mines.
 15266 | Lair:1   | Entered Level 1 of the Lair of Beasts
 15559 | Lair:1   | Reached skill level 11 in Dodging
 15559 | Lair:1   | Reached skill level 10 in Spellcasting
 15814 | Lair:1   | Noticed a six-headed hydra
 15823 | Lair:1   | Killed a six-headed hydra
 16082 | Lair:2   | Reached XP level 13. HP: 93/93 MP: 0/0
 16082 | Lair:2   | Learned a level 5 spell: Manifold Assault
 16285 | Lair:2   | Noticed a five-headed hydra
 16295 | Lair:2   | Killed a four-headed hydra
 16378 | Lair:2   | Noticed a seven-headed hydra
 16401 | Lair:2   | Killed an eight-headed hydra
 17177 | Lair:3   | Noticed a seven-headed hydra
 17192 | Lair:2   | Killed an eight-headed hydra
 17374 | Lair:3   | Reached skill level 5 in Invocations
 17393 | Lair:3   | Noticed a seven-headed hydra
 17403 | Lair:3   | Killed a seven-headed hydra
 17442 | Lair:3   | Found a staircase to the Snake Pit.
 17473 | Lair:3   | Reached skill level 12 in Dodging
 18051 | Lair:3   | Noticed Urug
 18080 | Lair:3   | Killed Urug
 18278 | Lair:4   | Noticed a catoblepas
 18283 | Lair:4   | Reached skill level 10 in Long Blades
 18290 | Lair:4   | Killed a catoblepas
 18377 | Lair:4   | Found a staircase to the Shoals.
 18433 | Lair:4   | Reached XP level 14. HP: 89/101 MP: 0/0
 19503 | Lair:5   | Found a staircase to the Slime Pits.
 19519 | Lair:5   | Found a runed translucent door.
 19520 | Lair:5   | Found a gate leading to a gauntlet.
 19524 | Lair:5   | Noticed Panli's ghost (journeyman CeAM)
 19777 | Lair:5   | Reached ****** piety under Elyvilon
 20111 | Lair:5   | Killed Panli's ghost
 20277 | Lair:6   | Entered Level 6 of the Lair of Beasts
 20296 | Lair:6   | Reached skill level 13 in Dodging
 20443 | Lair:6   | Reached skill level 10 in Fighting
 20693 | Lair:6   | Found a burning altar of Makhleb.
 20991 | Lair:6   | Reached XP level 15. HP: 69/108 MP: 0/0
 20991 | Lair:6   | Learned a level 6 spell: Invisibility
 21888 | Orc:1    | Entered Level 1 of the Orcish Mines
 22158 | Orc:1    | Noticed Maurice
 22168 | Orc:1    | Killed Maurice
 22378 | Orc:2    | Entered Level 2 of the Orcish Mines
 22642 | Orc:2    | Noticed an orc warlord
 22687 | Orc:2    | Found a staircase to the Elven Halls.
 22895 | Orc:1    | Killed an orc warlord
 22896 | Orc:1    | Reached skill level 14 in Dodging
 23004 | Orc:2    | Elyvilon protects you from harm!
 23117 | Orc:2    | HP: 2/130 [red devil[an orc sorcerer] (14)]
 23117 | Orc:2    | Slain by an orc priest

Illustrated notes

Levels and vault maps discovered:
D:1:      saegor_arrival_simple_b, layout_loops_ring,
          chequers_serial_rivers_micro_d
D:2:      layout_rooms, uniq_crazy_yiuf_cottage, uniq_robin
D:3:      layout_basic, grunt_ministairs_9, kennysheep_crisscross
D:4:      layout_rooms
D:5:      layout_loops_cross, minmay_temple_entry_glassed_door
D:6:      layout_gridville, grunt_ministairs_12, amcnicky_mini_corridor_feature,
          moated_statue, minmay_misc_feat_encased, minmay_manual_mess,
          uniq_blork_the_orc
D:7:      layout_gridville, overflow_temple_1_default, enter_bailey_4,
          uniq_maggie
D:8:      layout_cave_pools, serial_shops, nicolae_shop_window_shopping,
          shop_statue, minmay_misc_feat_diagonals
D:9:      layout_basic, erik_lair_orcish_takeover
D:10:     layout_gridville
D:11:     layout_roguey, orc_0_dummy, minmay_hollow_rounded_squares
Temple:   dpeg_three_leaves_temple
Lair:1:   layout_roguey
Lair:2:   beast_lair_carwin_large_2, layout_regular_city
Lair:3:   layout_regular_city, guppyfry_snake_entry_island,
          grunt_forest_small_clearing_treed, infiniplex_staircase_pool_2,
          lemuel_fruit_fields, lemuel_fruit_tree, uniq_urug
Lair:4:   layout_misc_corridors, minmay_shoals_entry_hut, hibernation_bobbens,
          grunt_megastairs_4, infiniplex_staircase_pool, lemuel_fruit_fields
Lair:5:   layout_regular_city, minmay_slime_entry_oklob_open,
          hellmonk_ghost_happy_afterlife, gauntlet_entry_generic,
          grunt_megastairs_3
Lair:6:   evilmike_catoblepas_cave, layout_gridlike, basic_altar,
          nicolae_quartered_pool_little, serial_bayou_shore_b
Orc:1:    layout_caves, uniq_maurice
Orc:2:    st_orc_mages, layout_caves, serial_shops, nicolae_shop_waterfront,
          mines5_lemuel, uniq_jorgrun

Skill      XL: |  1  2  3  4  5  6  7  8  9 10 11 12 13 14 15 |
---------------+----------------------------------------------+-----
Fighting       | 1 2 3 4 5 6 7 8 9 10 | 10.7
Dodging        | 3 4 5 6 8 9 11 12 13 14 | 14.1
Spellcasting   | 4 5 6 7 8 9 10 11 | 11.9
Short Blades   | 1 |  1.6
Long Blades    | 2 3 5 7 8 10 11 | 11.8
Invocations    | 2 4 5 7 |  7.5
Shields        | 3 4 |  4.0
Stealth        | |  1.5

Action                   |  1- 3 |  4- 6 |  7- 9 | 10-12 | 13-15 || total
-------------------------+-------+-------+-------+-------+-------++-------
Melee: Dagger            |    22 |    12 |       |       |       ||    34
       Short sword       |       |       |    17 |       |       ||    17
       Scimitar          |       |       |    35 |   127 |   678 ||   840
 Cast: Magic Dart        |    36 |    52 |    67 |    65 |    73 ||   293
       Searing Ray       |    10 |    24 |    25 |    55 |    50 ||   164
       Wereblood         |       |     1 |       |     1 |    12 ||    14
       Fulminant Prism   |       |       |     4 |    46 |     9 ||    59
       Passwall          |       |       |     2 |     6 |       ||     8
       Gell's Gravitas   |       |       |       |     4 |       ||     4
       Iskenderun's Myst |       |       |       |     4 |    12 ||    16
       Manifold Assault  |       |       |       |       |   121 ||   121
Invok: Lesser Healing    |       |       |     1 |       |       ||     1
       Greater Healing   |       |       |       |     6 |    17 ||    23
       Divine Vigour     |       |       |       |       |     1 ||     1
Evoke: Wand              |       |       |       |       |     1 ||     1
  Use: Scroll            |       |     7 |     8 |    11 |     6 ||    32
       Potion            |       |       |       |       |     2 ||     2
 Stab: Sleeping          |     1 |     1 |     1 |     1 |       ||     4
       Distracted        |       |       |       |     1 |    12 ||    13
Armor: Robe              |     7 |     6 |    38 |     1 |       ||    52
       Steam dragon scal |       |       |       |    46 |       ||    46
       Troll leather arm |       |       |       |    52 |   138 ||   190
Dodge: Dodged            |    13 |    21 |    75 |   202 |   470 ||   781
Block: Buckler           |       |       |       |       |   164 ||   164
       Rpst.: Scimitar   |       |       |     6 |    38 |   106 ||   150
